 Dungeon Crawl Stone Soup version 0.26-a0-455-g0958c023ba (webtiles) character file.

Game seed: 11383044350535011169

970 twist the Slasher (level 8, 0/65 HPs)
             Began as a Barachi Berserker on July 28, 2020.
             Was a Priest of Trog.
             Slain by a jelly (2 damage)
             ... on level 5 of the Dungeon.
             The game lasted 00:08:45 (3948 turns).

twist the Slasher (Barachi Berserker)               Turns: 3948, Time: 00:08:46

Health: 0/65       AC: -8    Str: 21    XL:     8   Next: 16%
Magic:  8/8        EV: 14    Int:  8    God:    Trog [***...]
Gold:   270        SH:  0    Dex: 13    Spells: 7/7 levels left

rFire    . . .     SeeInvis .   a - +1 falchion
rCold    + . .     Faith    .   (no shield)
rNeg     . . .     Spirit   .   f - +0 leather armour
rPois    .         Reflect  .   (helmet restricted)
rElec    .         Harm     .   (no cloak)
rCorr    .                      (no gloves)
MR       .....                  (no boots)
Stlth    ..........             e - amulet of the acrobat
HPRegen  0.20/turn              b - ring of attention (curse)
MPRegen  0.11/turn              r - ring of protection from cold

@: corroded, slow
A: +LOS, swims, antennae 1, slowness 1, strong 1, strong legs 1
a: Hop, Berserk, Trog's Hand, Renounce Religion


You were on level 5 of the Dungeon.
You worshipped Trog.
Trog was most pleased with you.
You visited 1 branch of the dungeon, and saw 5 of its levels.

You collected 270 gold pieces.

Inventory:

Hand Weapons
 a - a +1 falchion (weapon)
Missiles
 c - 68 poisoned darts (quivered)
Armour
 f - a +0 leather armour (worn)
Jewellery
 b - a cursed ring of attention (left hand)
 e - an amulet of the acrobat (around neck)
 r - a ring of protection from cold (right hand)
Wands
 i - a wand of flame (22)
 s - a wand of acid (6)
Scrolls
 h - 4 scrolls of teleportation {unknown}
 m - 2 scrolls of identify
 o - a scroll of blinking {unknown}
 p - a scroll of remove curse {unknown}
Potions
 d - 3 potions of curing
 g - a potion of resistance {unknown}
 j - a potion of degeneration {unknown}
 k - a potion of lignification {unknown}
 l - a potion of invisibility {unknown}
 n - a potion of might {unknown}
 q - a potion of magic {unknown}
 t - 2 potions of stabbing {unknown}


   Skills:
 + Level 6.5 Fighting
 + Level 6.5 Long Blades
 + Level 6.0 Armour
 + Level 5.4 Dodging


You had 7 spell levels left.
You didn't know any spells.
Your spell library was empty.

Dungeon Overview and Level Annotations

Branches:
Dungeon (5/15)
 Temple: D:4-7

Altars:
Cheibriados
Fedhas
Hepliaklqana
Makhleb
Trog
Zin

Annotations:
D:3 2 transporters, Zebulonius's ghost, amateur DEFE


Innate Abilities, Weirdness & Mutations

You can be seen from farther away. (+LOS)
You can swim through water.
You cover ground slowly.
You can hop short distances.
You have a pair of small antennae on your head.
Your muscles are strong. (Str +2)


Message History

The jelly hits you. The acid corrodes you!
You are splashed with acid!
You are too injured to fight recklessly!
You are too injured to fight recklessly!
You are too injured to fight recklessly!
You hit the jelly.
Your hands burn!
The jelly is heavily wounded.
The jelly hits you.
You are splashed with acid.
* * * LOW HITPOINT WARNING * * *
You hit the jelly but do no damage. The acid corrodes you!
Your hands burn!
* * * LOW HITPOINT WARNING * * *
The jelly is heavily wounded.
The jelly hits you.
* * * LOW HITPOINT WARNING * * *
You are splashed with acid.
* * * LOW HITPOINT WARNING * * *
You hit the jelly but do no damage.
Your hands burn!
* * * LOW HITPOINT WARNING * * *
The jelly is heavily wounded.
The jelly hits you.
You die...

.........######......##
......................+
........#.....##.....#
.####..##.....##.....# .
.####..##'######...).##..
.......+.................
.......#.................
####..###+##..##.....##.
.###..# #####@....#
....... #.J....# .......
+......# .......
#..!...... .......
#.......... .###.##
#+######+##..
.###.########.####...# .
..#......o...........#
..#...o.o............##.


You could see a jelly.

Vanquished Creatures
  2 phantoms (D:4)
  5 ogres (D:4)
  An orc priest (D:3)
  2 orc wizards (D:3)
  An iguana (D:4)
  A bullfrog skeleton (D:4)
  Terence (D:3)
  A worker ant (D:4)
  A hound skeleton (D:4)
  7 adders
  2 white imps (D:5)
  2 oozes (D:4)
  An adder skeleton (D:4)
  3 dart slugs (D:1)
  2 leopard geckos
  18 orcs
  5 bats (D:3)
  A giant cockroach (D:4)
  4 goblins
  6 hobgoblins
  5 jackals
  2 quokkas
  3 ball pythons
  5 frilled lizards
  A jackal skeleton (D:4)
  3 kobolds
  A leopard gecko skeleton (D:4)
  10 rats
96 creatures vanquished.

Notes
Turn   | Place    | Note
-------+----------+-------------------------------------------
     0 | D:1      | twist the Barachi Berserker began the quest for the Orb.
     0 | D:1      | Reached XP level 1. HP: 18/18 MP: 1/1
   238 | D:1      | Reached XP level 2. HP: 25/25 MP: 2/2
   638 | D:2      | Found a faded altar of an unknown god.
   780 | D:2      | Reached XP level 3. HP: 23/30 MP: 3/3
  1307 | D:2      | Found a glowing silver altar of Zin.
  1310 | D:2      | Gained mutation: Your muscles are strong. (Str +2) [potion
                  | of mutation]
  1310 | D:2      | Gained mutation: You have a pair of small antennae on your
                  | head. [potion of mutation]
  1400 | D:2      | Reached XP level 4. HP: 37/37 MP: 4/4
  1705 | D:3      | Reached ** piety under Trog
  1835 | D:3      | Reached XP level 5. HP: 18/43 MP: 5/5
  1951 | D:3      | Found a burning altar of Makhleb.
  1953 | D:3      | Noticed an Executioner
  2086 | D:3      | Found a transporter.
  2087 | D:3      | Noticed Zebulonius's ghost (amateur DEFE)
  2088 | D:3      | Found a transporter.
  2088 | D:3      | Noticed an ogre
  2088 | D:3      | Identified the cursed +2 dire flail of Luxury {pain, +Rage
                  | +Inv Dex-5}
  2088 | D:3      | Noticed an ogre
  2137 | D:3      | Found a snail-covered altar of Cheibriados.
  2194 | D:3      | Noticed Terence
  2202 | D:3      | Killed Terence
  2257 | D:3      | Found a hazy altar of Hepliaklqana.
  2593 | D:4      | Noticed an ogre
  2598 | D:4      | Killed an ogre
  2598 | D:4      | Reached skill level 5 in Fighting
  2598 | D:4      | Reached skill level 5 in Long Blades
  2598 | D:4      | Reached XP level 6. HP: 51/51 MP: 6/6
  2848 | D:4      | Found a blossoming altar of Fedhas.
  2893 | D:4      | Noticed a phantom
  2915 | D:4      | Reached skill level 5 in Armour
  2915 | D:4      | Reached XP level 7. HP: 41/56 MP: 7/7
  2920 | D:4      | Reached *** piety under Trog
  3175 | D:4      | Found a bloodstained altar of Trog.
  3230 | D:4      | Reached skill level 5 in Dodging
  3442 | D:4      | Reached XP level 8. HP: 57/64 MP: 8/8
  3718 | D:5      | Entered Level 5 of the Dungeon
  3947 | D:5      | HP: 3/65 [acid (6)]
  3948 | D:5      | Slain by a jelly

Illustrated notes

Levels and vault maps discovered:
D:1:      minmay_arrival_diagonal_passages, layout_loops_ring
D:2:      layout_basic, lemuel_doored_altar, chequers_ecumenical_altar_island,
          st_stairs_5
D:3:      layout_basic, marbit_many_paths, makhleb_altar_promises_db,
          nicolae_overflow_crystal_walls, gammafunk_ghost_smash, uniq_terence
D:4:      layout_basic, lemuel_coloured_pillars_altar, kennysheep_little_box,
          minmay_vboxes
D:5:      layout_gridville, minmay_hollow_rounded_squares, uniq_menkaure

Skill      XL: |  1  2  3  4  5  6  7  8 |
---------------+-------------------------+-----
Fighting       | 4 5 6 |  6.5
Long Blades    | 4 5 6 |  6.5
Armour         | 3 4 5 6 |  6.0
Dodging        | 3 4 5 |  5.4

Action                   |  1- 3 |  4- 6 |  7- 9 || total
-------------------------+-------+-------+-------++-------
Melee: Falchion          |    73 |   149 |   105 ||   327
Invok: Berserk           |       |     5 |     1 ||     6
       Trog's Hand       |       |     2 |     1 ||     3
 Abil: Hop               |       |     2 |       ||     2
  Use: Scroll            |     3 |       |       ||     3
       Potion            |     1 |     2 |       ||     3
Armor: Animal skin       |     1 |       |       ||     1
       Leather armour    |    15 |    31 |     8 ||    54
Dodge: Dodged            |    69 |   145 |    71 ||   285
       Rpst.: Falchion   |    26 |    36 |    27 ||    89

Table legend: (Time is in decaauts)
 A = Elapsed time spent in this place.
 B = Non-inter-level travel time spent in this place.
 C = Inter-level travel time spent in this place.
 D = Time resting spent in this place.
 E = Time spent auto-exploring this place.
 F = Levels seen in this place.
 G = Mean time per level.
                   A        B        C        D        E       F      G
               +--------+--------+--------+--------+--------+-----+--------+
         Total |   4533 |   4298 |    235 |    163 |   3194 |   5 |  906.6 |
       Dungeon |   4533 |   4298 |    235 |    163 |   3194 |   5 |  906.6 |
               +--------+--------+--------+--------+--------+-----+--------+

Top non-repeatable levels by time:
     D:4: 1226 daAuts
     D:2: 1215 daAuts
     D:3: 1128 daAuts
     D:1: 707 daAuts
     D:5: 255 daAuts
